 Dungeon Crawl Stone Soup version 0.30-a0-883-g5ad918d77d (webtiles) character file.

Game seed: 16106316953111997178

84 lunkers the Cudgeller (level 5, -3/15 (41) HPs)
             Began as a Meteoran Reaver on Mar 17, 2023.
             Was an Initiate of Ashenzari.
             Slain by a gnoll
             ... wielding a +0 flail
              (9 damage)
             ... on level 2 of the Dungeon.
             The game lasted 00:03:06 (636 turns).

lunkers the Cudgeller (Meteoran Reaver)              Turns: 636, Time: 00:03:06

HP:   -3/15 (41)    AC:  3    Str: 15    XL:     5   Next: 3%
MP:   7/10          EV: 12    Int: 15    God:    Ashenzari [......]
Gold: 40            SH:  0    Dex: 12    Spells: 8/9 levels left

rFire   . . .      SeeInvis .    a - +0 mace
rCold   . . .      Faith    .    (no shield)
rNeg    . . .      Spirit   .    b - +0 leather armour
rPois   .          Reflect  .    (no helmet)
rElec   .          Rampage  .    (no cloak)
rCorr   .                        (no gloves)
Will    .....                    (no boots)
Stlth   +                        (no amulet)
HPRegen 0.22/turn                m - ring of Ashenzari's Gloom {Fly, Bglg, Melee} (curse)
MPRegen 0.12/turn                (no ring)

@: flying, glowing, extremely drained
A: sense surroundings 1, otherworldly, glowing, explore regen
a: Renounce Religion, Shatter the Chains


You were on level 2 of the Dungeon.
You worshipped Ashenzari.
Ashenzari was noncommittal.
You visited 1 branch of the dungeon, and saw 2 of its levels.

You collected 40 gold pieces.

Inventory:

Hand Weapons
 a - a +0 mace (weapon)
Armour
 b - a +0 leather armour (worn)
Jewellery
 m - the cursed ring of Ashenzari's Gloom (left hand) {Fly, Bglg, Melee}
   (You found it on level 2 of the Dungeon)

   [ring of flight]

   Fly:       It grants you flight.
   It has a curse which improves the following skills: Beguiling: Conjurations,
   Hexes and Translocations.
   Melee Combat: Short Blades, Long Blades, Axes, Maces & Flails, Polearms,
   Staves and Unarmed Combat.
Scrolls
 f - a scroll of fear {unknown}
 g - 3 scrolls of identify {unknown}
 j - a scroll of noise {unknown}
 l - a scroll of acquirement {unknown}
 o - a scroll of enchant weapon {unknown}
 p - a scroll of amnesia {unknown}
Potions
 c - a potion of haste {unknown}
 d - a potion of heal wounds {unknown}
 e - a potion of degeneration {unknown}
 h - a potion of flight {unknown}
 i - a potion of magic {unknown}
 k - a potion of brilliance {unknown}
 n - a potion of might {unknown}


   Skills:
 - Level 2.1 Fighting
 + Level 6.8(7.2) Maces & Flails
 - Level 2.4 Dodging
 - Level 2.6 Spellcasting
 - Level 3.6(4.0) Conjurations


You had 8 spell levels left.
You knew the following spells:

 Your Spells              Type           Power      Damage    Failure   Level
p - Kiss of Death         Conj/Necr      32%        2d7       11%         1

Your spell library contained the following spells:

 Spells                   Type           Power      Damage    Failure   Level
 Momentum Strike          Conj/Tloc      16%        3d8       17%         2
 Hailstorm                Conj/Ice       8%         3d4       32%         3
 Cigotuvi's Dreadful Rot  Necr/Pois/Air  4%         N/A       36%         2
 Inner Flame              Hex/Fire       2%         N/A       58%         3
 Flame Wave               Conj/Fire      8%         2d5       73%         4
 Sticky Flame             Conj/Fire      8%         2d3       73%         4
 Dispel Undead            Necr           2%         3d7       94%         4
 Death Channel            Necr           1%         N/A       100%        6


Dungeon Overview and Level Annotations

Branches:
Dungeon (2/15) Zot: 547

Altars:
Ashenzari


Innate Abilities, Weirdness & Mutations

You passively map a small area around you.
You are easily found by Zot.
You glow in the dark.
You regain HP and MP as you explore.


Message History

Aiming: Kiss of Death (safe; 11% risk of failure)
Press: ? - help, Shift-Dir - straight line, f - gnoll
Aim: a gnoll, wielding a +0 spear (100% to hit)
The negative energy hits the gnoll.
The gnoll is drained!
The gnoll is severely wounded.
You feel drained. The gnoll barely misses you. The gnoll misses you.
Unknown command.
You hit the gnoll.
You kill the gnoll!
The gnoll hits you from afar with a +0 halberd!
Ouch! That really hurt!
* * * LOW HITPOINT WARNING * * *
The gnoll closely misses you.
Things that are here:
a +0 spear; a gnoll corpse
Casting: Kiss of Death (safe; 11% risk of failure)
Confirm with . or Enter, or press ? or * to list all spells.
Aiming: Kiss of Death (safe; 11% risk of failure)
Press: ? - help, Shift-Dir - straight line, f - gnoll
Aim: a gnoll, wielding a +0 halberd (100% to hit)
The negative energy hits the gnoll!
The gnoll is drained!
The gnoll is almost dead.
You feel drained. The gnoll closely misses you.
Unknown command.
Casting: Kiss of Death (safe; 11% risk of failure)
Confirm with . or Enter, or press ? or * to list all spells.
Aiming: Kiss of Death (safe; 11% risk of failure)
Press: ? - help, Shift-Dir - straight line, f/p - gnoll
Aim: a gnoll, wielding a +0 halberd (almost dead, heavily drained, 100% to hit)
The negative energy hits the gnoll!
The gnoll is drained!
You kill the gnoll!
You feel drained.
You have reached level 5!
Things that are here:
a +0 halberd; a gnoll corpse A gnoll comes into view.
It is wielding a +0 flail.
The gnoll shouts!
You barely miss the gnoll. The gnoll hits you with a +0 flail!
Ouch! That really hurt!
You die...

.................#
......#.#####.##.#
* ......# #.##.# *
......###. #†##.#
.........# *#.##)#
, .........#
*#.##)#
.........#, ..##.#
.........# ...#.#
.........# .#.#@#
.........# #.#.#g#
* ##+#.....# #.#.#
.........# *,#...#
* .........# ##..#
.................#
.....########.#..#
* ♣....# *
*#g#..#, ♣....##
,.,..:#


You could see a gnoll.

Vanquished Creatures
  2 gnolls (D:2)
  3 adders (D:2)
  6 goblins
  6 hobgoblins
  2 kobolds
  4 quokkas
  5 ball pythons
  A bat (D:1)
  A frilled lizard (D:1)
  7 rats
37 creatures vanquished.

Notes
Turn   | Place    | Note
-------+----------+-------------------------------------------
     0 | D:1      | lunkers the Meteoran Reaver began the quest for the Orb.
     0 | D:1      | Reached XP level 1. HP: 17/17 MP: 5/5
   112 | D:1      | Reached XP level 2. HP: 24/24 MP: 6/6
   216 | D:1      | Reached skill level 5 in Maces & Flails
   247 | D:1      | Reached XP level 3. HP: 29/29 MP: 8/8
   375 | D:2      | Found a faded altar of an unknown god.
   399 | D:2      | Reached XP level 4. HP: 17/33 MP: 7/9
   425 | D:2      | Reached skill level 6 in Maces & Flails
   464 | D:2      | Prayed at the altar of an unknown god.
   464 | D:2      | Became a worshipper of Ashenzari the Shackled
   632 | D:2      | Reached XP level 5. HP: 5/15 MP: 6/10
   636 | D:2      | Slain by a gnoll

Illustrated notes

Levels and vault maps discovered:
D:1:      psy_arrival_spokes, layout_basic
D:2:      layout_basic, hellmonk_ecumenical_altar_pennies_from_heaven,
          kennysheep_decorative_pillar

Skill      XL: |  1  2  3  4 |
---------------+-------------+-----
Maces & Flails | 5 6 |  6.8
Fighting       | |  2.1
Dodging        | |  2.4
Spellcasting   | |  2.6
Conjurations   | |  3.6

Action                     |  1- 3 |  4- 6 || total
---------------------------+-------+-------++-------
  Melee: Mace              |    93 |    20 ||   113
         Punch             |     1 |     1 ||     2
   Cast: Kiss of Death     |     1 |     5 ||     6
 Invoke: Curse Item        |       |     1 ||     1
 Armour: Leather armour    |    25 |     3 ||    28
  Dodge: Dodged            |    61 |    13 ||    74

Table legend: (Time is in decaauts)
 A = Elapsed time spent in this place.
 B = Non-inter-level travel time spent in this place.
 C = Inter-level travel time spent in this place.
 D = Time resting spent in this place.
 E = Time spent auto-exploring this place.
 F = Levels seen in this place.
 G = Mean time per level.
                   A        B        C        D        E       F      G
               +--------+--------+--------+--------+--------+-----+--------+
         Total |    651 |    638 |     13 |      0 |    316 |   2 |  325.5 |
       Dungeon |    651 |    638 |     13 |      0 |    316 |   2 |  325.5 |
               +--------+--------+--------+--------+--------+-----+--------+

Top non-repeatable levels by time:
     D:2: 332 daAuts
     D:1: 318 daAuts
